 Dungeon Crawl Stone Soup version 0.27-a0-562-g0d39f094a4 (webtiles) character file.

Game seed: 3169523815908363536

88 pokeman the Magician (level 4, -5/25 HPs)
             Began as a Deep Elf Hedge Wizard on Mar 8, 2021.
             Killed from afar by a white imp (8 damage)
             ... with a puff of frost
             ... on level 3 of the Dungeon.
             The game lasted 00:05:25 (3142 turns).

pokeman the Magician (Deep Elf Hedge Wizard)        Turns: 3142, Time: 00:05:25

Health: -5/25      AC:  4    Str:  7    XL:     4   Next: 29%
Magic:  14/22      EV: 11    Int: 20    God:
Gold:   140        SH:  0    Dex: 14    Spells: 3/14 levels left

rFire    . . .     SeeInvis .   g - +0 hand axe (vorpal)
rCold    . . .     Faith    .   (no shield)
rNeg     . . .     Spirit   .   q - +0 leather armour
rPois    .         Reflect  .   c - +0 hat
rElec    .         Harm     .   m - +0 cloak
rCorr    .         Rampage  .   (no gloves)
Will     .....                  (no boots)
Stlth    ++........             (no amulet)
HPRegen  0.08/turn              p - ring of magical power
MPRegen  0.18/turn              n - ring of wizardry

@: no status effects
A: no striking features
a: no special abilities


You were on level 3 of the Dungeon.
You visited 1 branch of the dungeon, and saw 3 of its levels.

You collected 140 gold pieces.

Inventory:

Hand Weapons
 g - a +0 vorpal hand axe (weapon)
Missiles
 r - 32 bolts
Armour
 c - a +0 hat (worn)
 m - a +0 cloak (worn)
 q - a +0 leather armour (worn)
Jewellery
 h - an amulet of guardian spirit
 j - a ring of flight
 n - a ring of wizardry (right hand)
 p - a ring of magical power (left hand)
 s - a +6 ring of strength
Scrolls
 a - 3 scrolls of fog {unknown}
 d - 5 scrolls of identify {unknown}
 f - 2 scrolls of enchant armour {unknown}
 o - a scroll of immolation {unknown}
Potions
 b - a potion of resistance {unknown}
 e - a potion of haste {unknown}
 i - a potion of lignification {unknown}
 k - 2 potions of curing {unknown}
 l - 2 potions of mutation {unknown}


   Skills:
 - Level 1.1 Fighting
 - Level 1.1 Armour
 + Level 2.4 Dodging
 - Level 2.4 Stealth
 * Level 5.6 Spellcasting
 * Level 2.3 Conjurations
 - Level 1.1 Summonings
 - Level 1.1 Translocations
 + Level 0.3 Fire Magic


You had 3 spell levels left.
You knew the following spells:

 Your Spells              Type           Power      Damage    Failure   Level
a - Magic Dart            Conj           56%        1d5       2%          1
b - Mephitic Cloud        Conj/Pois/Air  8%         N/A       14%         3
c - Call Imp              Summ           10%        N/A       6%          2
d - Blink                 Tloc           N/A        N/A       6%          2
e - Conjure Flame         Conj/Fire      10%        6-21      12%         3

Your spell library contained the following spells:

 Spells                   Type           Power      Damage    Failure   Level
 Slow                     Hex            5%         N/A       10%         2


Dungeon Overview and Level Annotations

Branches:
Dungeon (3/15)

Altars:
Ashenzari


Message History

Casting: Magic Dart (safe; 2% risk of failure)
Confirm with . or Enter, or press ? or * to list all spells.
Aiming: Magic Dart (safe; 2% risk of failure)
Press: ? - help, Shift-Dir - straight line, f/p - white imp
Aim: a white imp (lightly wounded, 0% to evade)
The magic dart hits the adder.
The adder is almost dead.
The adder bites you but does no damage. The adder barely misses you.
Casting: Magic Dart (safe; 2% risk of failure)
Confirm with . or Enter, or press ? or * to list all spells.
Aiming: Magic Dart (safe; 2% risk of failure)
Press: ? - help, Shift-Dir - straight line, f/p - white imp
Aim: a white imp (lightly wounded, 0% to evade)
The magic dart hits the adder.
You kill the adder!
The white imp gestures at you. The puff of frost hits you!
* * * LOW HITPOINT WARNING * * *
Casting: Magic Dart (safe; 2% risk of failure)
Confirm with . or Enter, or press ? or * to list all spells.
Aiming: Magic Dart (safe; 2% risk of failure)
Press: ? - help, Shift-Dir - straight line, f/p - white imp
Aim: a white imp (lightly wounded, 0% to evade)
The magic dart hits the white imp.
The white imp is lightly wounded.
Casting: Magic Dart (safe; 2% risk of failure)
Confirm with . or Enter, or press ? or * to list all spells.
Aiming: Magic Dart (safe; 2% risk of failure)
Press: ? - help, Shift-Dir - straight line, f/p - white imp
Aim: a white imp (lightly wounded, 0% to evade)
The magic dart hits the white imp.
The white imp is heavily wounded.
The white imp gestures at you. The puff of frost hits you.
* * * LOW HITPOINT WARNING * * *
You hit the white imp.
The white imp is severely wounded.
The white imp gestures at you. The puff of frost hits you!
You die...

. ..# ... . #.#### #.#
.##.##.. ... ...##.# #.#
# #..##.# #.# ###
#.###..##.# #.# ..
#......##.# #.# .# .
####.#.##.###.##.##....
####.###.....#..@5.....#
......#.##.#......###.$.
####.#.###.....####
####.### #####.# ......#
##.## ####..## #...#
#......### #...#
#........# #...#
#......#.####...#####


You could see a white imp.

Vanquished Creatures
  An adder (D:3)
  2 worms
  4 dart slugs
  A leopard gecko (D:3)
  11 giant cockroaches
  5 goblins
  7 hobgoblins
  2 kobolds (D:2)
  3 ball pythons
  11 bats
  6 frilled lizards
  8 rats
61 creatures vanquished.

Notes
Turn   | Place    | Note
-------+----------+-------------------------------------------
     0 | D:1      | pokeman the Deep Elf Hedge Wizard began the quest for the
                  | Orb.
     0 | D:1      | Reached XP level 1. HP: 10/10 MP: 7/7
   200 | D:1      | Reached XP level 2. HP: 3/16 MP: 0/9
   895 | D:1      | You fall into a shaft and drop 1 floor!
  1138 | D:1      | Reached skill level 5 in Spellcasting
  1534 | D:2      | Reached XP level 3. HP: 16/20 MP: 5/11
  1538 | D:2      | Learned a level 3 spell: Mephitic Cloud
  1541 | D:2      | Learned a level 2 spell: Call Imp
  1544 | D:2      | Learned a level 2 spell: Blink
  1548 | D:2      | Learned a level 3 spell: Conjure Flame
  1735 | D:2      | Found a broken altar of Ashenzari.
  2270 | D:2      | Reached skill level 1 in Fighting
  2375 | D:2      | Reached skill level 1 in Armour
  2376 | D:2      | Noticed Jessica
  2841 | D:3      | Reached XP level 4. HP: 18/25 MP: 9/13
  3142 | D:3      | Killed from afar by a white imp

Illustrated notes

Levels and vault maps discovered:
D:1:      dpeg_arrival_tiny_j, layout_loops_ring, serial_bayou_pond_b
D:2:      minmay_roachtagon, layout_loops_corners, evilmike_ruin_ashenzari,
          serial_glass, glass_columns_a, glass_columns_a, glass_columns_c,
          glass_columns_c, glass_columns_a, glass_columns_a, minivault_26,
          uniq_jessica
D:3:      layout_loops_cross, lemuel_round_altar

Skill      XL: |  1  2  3 |
---------------+----------+-----
Spellcasting   | 5 |  5.6
Fighting       | 1 |  1.1
Conjurations   | 2 |  2.3
Armour         | 1 |  1.1
Dodging        | |  2.4
Stealth        | |  2.4
Summonings     | |  1.1
Translocations | |  1.1
Fire Magic     | |  0.3

Action                   |  1- 3 |  4- 6 || total
-------------------------+-------+-------++-------
Melee: Hand axe          |    32 |     1 ||    33
 Cast: Magic Dart        |   109 |    28 ||   137
 Stab: Sleeping          |     1 |       ||     1
Armor: Robe              |     2 |       ||     2
       Leather armour    |    28 |     1 ||    29
Dodge: Dodged            |    39 |     3 ||    42

Table legend: (Time is in decaauts)
 A = Elapsed time spent in this place.
 B = Non-inter-level travel time spent in this place.
 C = Inter-level travel time spent in this place.
 D = Time resting spent in this place.
 E = Time spent auto-exploring this place.
 F = Levels seen in this place.
 G = Mean time per level.
                   A        B        C        D        E       F      G
               +--------+--------+--------+--------+--------+-----+--------+
         Total |   3152 |   3099 |     53 |      0 |   2762 |   3 | 1050.7 |
       Dungeon |   3152 |   3099 |     53 |      0 |   2762 |   3 | 1050.7 |
               +--------+--------+--------+--------+--------+-----+--------+

Top non-repeatable levels by time:
     D:2: 1656 daAuts
     D:1: 1174 daAuts
     D:3: 320 daAuts
